 Dungeon Crawl Stone Soup version 0.30.1-3-gfc49f6343a (webtiles) character file.

Game seed: 6303966193192117498

104 spardeous the Digger (level 4, -7/33 HPs)
             Began as a Demigod Earth Elementalist on July 24, 2023.
             Killed by nerve-wracking pain
             ... invoked by an orc priest
              (14 damage)
             ... on level 3 of the Dungeon.
             The game lasted 00:02:26 (1914 turns).

spardeous the Digger (Demigod Earth Elementalist)   Turns: 1914, Time: 00:02:27

Health: -7/33      AC:  4    Str:  9    XL:     4   Next: 28%
Magic:  3/9        EV: 11    Int: 21    God:
Gold:   80         SH:  0    Dex: 14    Spells: 5/6 levels left

rFire   . . .        (no weapon)
rCold   . . .        (no shield)
rNeg    . . .        g - +0 leather armour
rPois   .            (no helmet)
rElec   .            (no cloak)
rCorr   .            (no gloves)
SInv    .            q - +0 pair of boots
Will    .....        (no amulet)
Stlth   ++           (no ring)
HPRegen 0.25/turn    (no ring)
MPRegen 0.11/turn

%: no passive effects
@: no status effects
A: high MP 1, forlorn, divine attributes
a: no special abilities


You were on level 3 of the Dungeon.
You visited 1 branch of the dungeon, and saw 3 of its levels.

You collected 80 gold pieces.

Inventory:

Armour
 a - a +0 robe
 g - a +0 leather armour (worn)
 m - an orb of light
 q - a +0 pair of boots (worn)
Scrolls
 c - a scroll of teleportation {unknown}
 d - a scroll of summoning {unknown}
 j - 2 scrolls of magic mapping {unknown}
 k - a scroll of poison {unknown}
 l - a scroll of identify {unknown}
 n - a scroll of silence {unknown}
Potions
 b - a potion of magic
 e - a potion of attraction {unknown}
 f - a potion of brilliance {unknown}
 h - a potion of flight {unknown}
 i - a potion of heal wounds {unknown}
 o - a potion of haste {unknown}
 p - a potion of resistance {unknown}


   Skills:
 - Level 1.7 Dodging
 - Level 1.7 Stealth
 - Level 1.7 Spellcasting
 - Level 0.8 Transmutations
 + Level 4.9 Earth Magic


You had 5 spell levels left.
You knew the following spells:

 Your Spells              Type           Power      Damage    Failure   Level
a - Sandblast             Erth           44%        2d11      2%          1

Your spell library contained the following spells:

 Spells                   Type           Power      Damage    Failure   Level
 Passwall                 Tmut/Erth      10%        N/A       10%         2
 Stone Arrow              Conj/Erth      24%        3d8       24%         3
 Petrify                  Tmut/Erth      13%        N/A       54%         4


Dungeon Overview and Level Annotations

Branches:
Dungeon (3/15)


Innate Abilities, Weirdness & Mutations

You have an increased reservoir of magic. (+10% MP)
You shall have no god before yourself.
Your divine heritage dramatically boosts your attributes as you level up.


Message History

The orc priest is severely wounded.
The orc priest calls down the wrath of Beogh upon you.
Beogh smites you!
The orc priest hits you with a +0 dagger.
The orc shouts!
You take 12 damage, and have 17/33 hp.
MASSIVE DAMAGE!!
You now have 5/9 mp.
There are monsters nearby!
Casting: Sandblast (safe; 2% risk of failure)
Confirm with . or Enter, or press ? or * to list all spells.
Aiming: Sandblast (safe; 2% risk of failure)
Press: ? - help, Shift-Dir - straight line, f/p - orc priest
Aim: an orc priest, wielding a +0 dagger and wearing a +0 ring mail (severely wounded, 85% to hit)
The blast of sand hits the orc priest.
The orc priest is almost dead.
The orc priest barely misses you.
You now have 4/9 mp.
There are monsters nearby!
Casting: Sandblast (safe; 2% risk of failure)
Confirm with . or Enter, or press ? or * to list all spells.
Aiming: Sandblast (safe; 2% risk of failure)
Press: ? - help, Shift-Dir - straight line, f/p - orc priest
Aim: an orc priest, wielding a +0 dagger and wearing a +0 ring mail (almost dead, 85% to hit)
The blast of sand hits the orc priest but does no damage.
The orc priest is almost dead.
The orc priest miscasts a cantrip.
The orc priest calls down the wrath of Beogh upon you.
Beogh smites you!
* * * LOW HITPOINT WARNING * * *
Your magical contamination has completely faded away.
You take 12 damage, and have 6/33 hp.
MASSIVE DAMAGE!!
You now have 3/9 mp.
There are monsters nearby!
Casting: Sandblast (safe; 2% risk of failure)
Confirm with . or Enter, or press ? or * to list all spells.
Aiming: Sandblast (safe; 2% risk of failure)
Press: ? - help, Shift-Dir - straight line, f/p - orc priest
Aim: an orc priest, wielding a +0 dagger and wearing a +0 ring mail (almost dead, 85% to hit)
The blast of sand misses the orc priest.
The orc priest mumbles some strange prayers to Beogh against you.
Pain shoots through your body!
You die...

#### ##... .....
#... . #... #..
#... ###..#####
#... ....ooo@.##
...##...
....o###..#
...##### ... ##.##
...### . #..###
..... ####...##
...# #.......#
...#
#.......##...#
#.........########
#......##.........


You could see an orc priest and 3 orcs.

Vanquished Creatures
  A jelly (D:3)
  2 adders
  A worm (D:2)
  A dart slug (D:1)
  4 bats
  3 endoplasms
  2 giant cockroaches
  2 goblins
  3 hobgoblins
  5 jackals
  8 kobolds
  4 quokkas
  5 ball pythons
  5 frilled lizards
  3 rats
49 creatures vanquished.

Notes
Turn   | Place    | Note
-------+----------+-------------------------------------------
     0 | D:1      | spardeous the Demigod Earth Elementalist began the quest
                  | for the Orb.
     0 | D:1      | Reached XP level 1. HP: 14/14 MP: 5/5
    90 | D:1      | Reached skill level 3 in Earth Magic
   344 | D:1      | Reached XP level 2. HP: 20/20 MP: 5/7
  1207 | D:2      | Reached XP level 3. HP: 26/26 MP: 3/8
  1264 | D:2      | Reached skill level 4 in Earth Magic
  1874 | D:3      | Reached XP level 4. HP: 33/33 MP: 6/9
  1914 | D:3      | Killed from afar by an orc priest

Illustrated notes

Levels and vault maps discovered:
D:1:      ebering_trefoil_twist, layout_loops_ring, dk_noncrumbling_2,
          bh_walls_and_bars
D:2:      layout_rooms, dreamdust_ecumenical_altar_statues
D:3:      layout_basic, lemuel_round_altar, uniq_grinder, uniq_ijyb,
          uniq_terence

Skill      XL: |  1  2  3 |
---------------+----------+-----
Earth Magic    | 3 4 |  4.9
Dodging        | |  1.7
Stealth        | |  1.7
Spellcasting   | |  1.7
Transmutations | |  0.8

Action                     |  1- 3 |  4- 6 || total
---------------------------+-------+-------++-------
   Cast: Sandblast         |    65 |     6 ||    71
  Dodge: Dodged            |     7 |     1 ||     8
